 Dungeon Crawl Stone Soup version 0.22.1-5-g62c59d9 (webtiles) character file.

6245 Fang the Cleaver (level 10, -1/64 HPs)
             Began as a Gargoyle Berserker on Jan 10, 2019.
             Was a High Priest of Trog.
             Slain by a death yak (4 damage)
             ... on level 9 of the Dungeon.
             The game lasted 00:10:21 (9172 turns).

Fang the Cleaver (Gargoyle Berserker)               Turns: 9172, Time: 00:10:21

Health: -1/64      AC: 10    Str: 28    XL:     10   Next: 93%
Magic:  10/10      EV: 14    Int: 10    God:    Trog [*****.]
Gold:   393        SH:  0    Dex:  9    Spells: 9/9 levels left

rFire    . . .     SeeInvis .   C - +0 battleaxe
rCold    . . .     Gourm    +   (shield currently unavailable)
rNeg     + + .     Faith    .   A - +1 robe of Resilience {Str+4}
rPois    ∞         Spirit   .   (no helmet)
rElec    +         Reflect  .   (no cloak)
rCorr    .         Harm     .   (no gloves)
MR       .....                  (no boots)
Stlth    ++........             w - amulet of the gourmand
HPRegen  0.20/turn              v - ring of positive energy
MPRegen  0.12/turn              z - +2 ring of intelligence

@: no status effects
A: negative energy resistance 1, electricity resistance, unbreathing,
petrification resistance, rot immunity, AC +7
a: Berserk, Trog's Hand, Brothers in Arms, Renounce Religion


You were on level 9 of the Dungeon.
You worshipped Trog.
Trog was extremely pleased with you.
You were very full.

You visited 2 branches of the dungeon, and saw 10 of its levels.

You collected 393 gold pieces.

Inventory:

Hand Weapons
 C - a +0 battleaxe (weapon)
Armour
 A - the +1 robe of Resilience (worn) {Str+4}
   (You found it on level 7 of the Dungeon)

   It affects your strength (+4).
 F - a +0 plate armour
Jewellery
 a - an uncursed ring of wizardry {unknown}
 v - a ring of positive energy (left hand)
 w - an amulet of the gourmand (around neck)
 z - a +2 ring of intelligence (right hand)
Wands
 y - a wand of scattershot (9)
 D - a wand of iceblast (7)
 E - a wand of clouds (3)
Scrolls
 d - 2 scrolls of immolation {unknown}
 f - 2 scrolls of random uselessness {unknown}
 g - 3 scrolls of amnesia {unknown}
 i - a scroll of enchant weapon {unknown}
 k - 2 scrolls of magic mapping {unknown}
 l - a scroll of blinking {unknown}
 m - 6 scrolls of remove curse {unknown}
 p - 3 scrolls of enchant armour {unknown}
 q - 2 scrolls of teleportation {unknown}
 r - 2 scrolls of noise {unknown}
 t - 2 scrolls of identify {unknown}
Potions
 b - a potion of cancellation {unknown}
 e - 2 potions of lignification {unknown}
 h - 2 potions of magic {unknown}
 j - 5 potions of curing {unknown}
 n - 2 potions of flight {unknown}
 o - 2 potions of heal wounds {unknown}
 s - a potion of resistance {unknown}
 x - a potion of haste {unknown}
 B - a potion of ambrosia {unknown}
Comestibles
 c - 16 rations


   Skills:
 + Level 8.1 Fighting
 + Level 11.1 Axes
 + Level 6.3 Armour
 + Level 5.4 Dodging
 + Level 2.4 Stealth


You had 9 spell levels left.
You didn't know any spells.
Your spell library was empty.

Dungeon Overview and Level Annotations

Branches:
Dungeon (9/15)             Temple (1/1) D:5            Lair (0/6) D:9
    Orc: D:9-12

Altars:
Cheibriados
Elyvilon
Fedhas
Kikubaaqudgha
Makhleb
Ru
Sif Muna
Uskayaw
Vehumet
Xom
Zin
The Shining One

Annotations:
D:5 exclusion: statue


Innate Abilities, Weirdness & Mutations

You are resistant to torment.
Your stone body is resilient. (AC +7)
You are immune to poison.
You resist negative energy. (rN+)
You are resistant to electric shocks. (rElec)
You can survive without breathing.
You are immune to petrification.
You are immune to rotting.


Message History

The death yak gores you!
You slash the death yak!
The death yak is severely wounded.
The death yak barely misses you.
The death yak snorts and paws the ground.
You slash the death yak!
The death yak is almost dead.
You barely miss the death yak. You hit the death yak.
The death yak gores you but does no damage.
The death yak gores you!
You slice the death yak!!
You kill the death yak!
Trog accepts your kill.
Your Fighting skill increases to level 8!
Your Axes skill increases to level 11!
You hit the death yak. You barely miss the death yak.
You completely miss the death yak. The death yak gores you!! x2
* * * LOW HITPOINT WARNING * * *
The death yak gores you.
You die...

..#...#....#
...#......#
>....#...# .
/...#...# ..
##YaY....#
...#...Y....#
......YYY...# ..
......Y@#####.....#
..................#
.......#......#...#
.......#.###..#...#
########.# #......#
#.# #......#
#.###......#
#.......)).#
######.<.).#


You could see 7 death yaks and a worker ant.

Vanquished Creatures
  Harold (D:8)
  A death yak (D:9)
  Pikel (D:5)
  Psyche (D:8)
  Grinder (D:5)
  A hippogriff (D:8)
  A yak (D:8)
  3 hogs (D:8)
  A human (D:8)
  2 ice beasts
  2 black bears
  2 phantoms
  2 slaves (D:5)
  2 orc warriors (D:8)
  4 ogres
  2 bullfrogs
  A big kobold (D:8)
  Blork the orc (D:5)
  2 scorpions (D:4)
  9 killer bees
  4 wights (D:7)
  3 howler monkeys
  A jelly (D:6)
  A bullfrog skeleton (D:6)
  5 orc priests
  A hound (D:7)
  6 orc wizards
  A centaur skeleton (D:6)
  3 iguanas
  7 worker ants
  2 hound skeletons
  2 worker ant zombies (D:7)
  13 adders
  4 gnolls (D:6)
  A shadow imp (D:8)
  3 oozes
  2 adder zombies (D:7)
  An adder skeleton (D:4)
  3 worms
  2 dart slugs
  3 leopard geckos
  26 orcs
  5 giant cockroaches
  6 goblins
  7 hobgoblins
  10 jackals
  10 kobolds
  2 quokkas
  2 ball pythons
  10 bats
  7 frilled lizards
  A jackal skeleton (D:8)
  2 leopard gecko skeletons
  A leopard gecko zombie (D:5)
  2 quokka skeletons
  9 rats
208 creatures vanquished.

Vanquished Creatures (others)
  A slave (D:7)
  A phantom (D:7)
  A crimson imp (D:7)
  A hound (D:7)
  A worker ant (D:7)
  4 toadstools (D:1)
9 creatures vanquished.

Grand Total: 217 creatures vanquished

Notes
Turn   | Place    | Note
-------+----------+-------------------------------------------
     0 | D:1      | Fang the Gargoyle Berserker began the quest for the Orb.
     0 | D:1      | Reached XP level 1. HP: 14/14 MP: 1/1
    71 | D:1      | Found a shimmering altar of Xom.
   103 | D:1      | Reached XP level 2. HP: 17/19 MP: 2/2
   149 | D:1      | Reached skill level 3 in Axes
   231 | D:1      | Reached ** piety under Trog
   565 | D:2      | Reached XP level 3. HP: 24/24 MP: 3/3
   863 | D:2      | HP: 1/36 [adder (3)]
   867 | D:2      | Reached XP level 4. HP: 2/29 MP: 4/4
   876 | D:2      | HP: 1/29 [ooze (2)]
  1500 | D:2      | Found a deep blue altar of Sif Muna.
  1500 | D:2      | Found a sacrificial altar of Ru.
  1505 | D:2      | Found a faded altar of an unknown god.
  1508 | D:2      | Found a glowing golden altar of the Shining One.
  1512 | D:2      | Found a glowing silver altar of Zin.
  1673 | D:2      | Found a hide-covered altar of Uskayaw.
  1967 | D:3      | Reached XP level 5. HP: 20/33 MP: 5/5
  1988 | D:3      | Reached skill level 4 in Axes
  1998 | D:3      | Reached *** piety under Trog
  2306 | D:3      | Noticed an ogre
  2312 | D:3      | HP: 1/49 [ogre/giant club (15)]
  2314 | D:3      | Killed an ogre
  2314 | D:3      | Reached XP level 6. HP: 1/38 MP: 6/6
  3475 | D:4      | Reached skill level 5 in Axes
  3475 | D:4      | Reached XP level 7. HP: 33/44 MP: 7/7
  3872 | D:5      | Entered Level 5 of the Dungeon
  3918 | D:5      | Noticed Pikel
  3933 | D:5      | Killed Pikel
  3933 | D:5      | Reached skill level 6 in Axes
  3933 | D:5      | Reached XP level 8. HP: 48/48 MP: 8/8
  4006 | D:5      | Reached skill level 5 in Fighting
  4398 | D:5      | Noticed Blork the orc
  4418 | D:5      | Killed Blork the orc
  4592 | D:5      | Noticed Grinder
  4597 | D:5      | Paralysed by Grinder for 7 turns
  4631 | D:5      | Paralysed by Grinder for 3 turns
  4642 | D:5      | Killed Grinder
  4642 | D:5      | Reached skill level 5 in Armour
  4881 | D:5      | Found a staircase to the Ecumenical Temple.
  4889 | Temple   | Entered the Ecumenical Temple
  4921 | D:5      | Reached skill level 7 in Axes
  4948 | D:5      | Found a radiant altar of Vehumet.
  5312 | D:6      | Reached **** piety under Trog
  5417 | D:6      | Reached XP level 9. HP: 54/54 MP: 9/9
  5938 | D:7      | Reached skill level 8 in Axes
  6173 | D:7      | Reached skill level 1 in Stealth
  6330 | D:7      | Got a transparent robe
  6341 | D:7      | Identified the +1 robe of Resilience {Str+4} (You found it
                  | on level 7 of the Dungeon)
  7628 | D:8      | Reached skill level 9 in Axes
  7898 | D:8      | Noticed Psyche
  7910 | D:8      | Killed Psyche
  7910 | D:8      | Reached XP level 10. HP: 52/63 MP: 10/10
  8105 | D:8      | Reached skill level 5 in Dodging
  8171 | D:8      | Reached ***** piety under Trog
  8365 | D:8      | Reached skill level 10 in Axes
  8979 | D:8      | Noticed Harold
  8989 | D:8      | Killed Harold
  9052 | D:8      | Found a snail-covered altar of Cheibriados.
  9053 | D:8      | Found a white marble altar of Elyvilon.
  9163 | D:9      | Noticed a death yak
  9164 | D:9      | Found a staircase to the Lair.
  9164 | D:9      | Noticed a death yak
  9165 | D:9      | Noticed a death yak
  9165 | D:9      | Noticed a death yak
  9166 | D:9      | Noticed a death yak
  9166 | D:9      | Noticed a death yak
  9167 | D:9      | Noticed a death yak
  9167 | D:9      | Noticed a death yak
  9172 | D:9      | Killed a death yak
  9172 | D:9      | Reached skill level 11 in Axes
  9172 | D:9      | HP: 3/64 [death yak (19)]
  9172 | D:9      | Slain by a death yak

Skill      XL: |  1  2  3  4  5  6  7  8  9 10 |
---------------+-------------------------------+-----
Axes           | 3 4 5 6 7 9 11 | 11.1
Dodging        | 2 3 4 5 |  5.4
Fighting       | 4 5 7 8 |  8.1
Armour         | 3 4 5 6 |  6.3
Stealth        | 1 2 |  2.4

Action                   |  1- 3 |  4- 6 |  7- 9 | 10-12 || total
-------------------------+-------+-------+-------+-------++-------
Melee: Hand axe          |   101 |   256 |   363 |       ||   720
       Battleaxe         |       |       |    91 |   129 ||   220
Invok: Berserk           |     2 |     2 |     7 |     1 ||    12
 Stab: Sleeping          |       |     1 |       |     1 ||     2
  Eat: Chunk             |       |    12 |    30 |     4 ||    46
Armor: Animal skin       |    34 |    41 |       |       ||    75
       Scale mail        |       |    53 |   147 |       ||   200
       Robe              |       |       |    75 |    44 ||   119
Dodge: Dodged            |    98 |   196 |   316 |    83 ||   693
